 Dungeon Crawl Stone Soup version 0.17.1-3-g152610e (webtiles) character file.

665913 lyrx the Axe Maniac (level 27, -9/273 HPs)
             Began as a Hill Orc Berserker on Mar 2, 2016.
             Was the Champion of Trog.
             Mangled by a mottled draconian monk (39 damage)
             ... on level 4 of the Realm of Zot on Mar 8, 2016.
             The game lasted 11:35:00 (67955 turns).

lyrx the Axe Maniac (Hill Orc Berserker)           Turns: 67955, Time: 11:35:00

Health: -9/273     AC: 53    Str: 38    XL:     27
Magic:  28/36      EV: 16    Int:  7    God:    Trog [******]
Gold:   6404       SH:  0    Dex: 10    Spells: 0 memorised, 26 levels left

rFire  + + +     SeeInvis .     V - +9 battleaxe (vamp)
rCold  . . .     Rnd*Rage +     k - +10 plate armour {ponderous}
rNeg   + + .     SustAt   .     (shield currently unavailable)
rPois  +         Gourm    .     r - +2 helmet of the Slorg {rF+ Regen+ rCorr}
rElec  .         Spirit   .     g - +2 cloak {rPois}
rCorr  +         Warding  .     Q - +2 pair of gloves {Str+3}
rMut   .         Stasis   .     q - +2 pair of boots
MR     ++...                    l - amulet of regeneration
Stlth  ..........               v - +4 ring of protection
                                p - ring of Keiraih {+Inv rF+ rN++ Int+2}

@: lethally poisoned (-9 -> -12), exhausted, starving, slowed, very slow, very
resistant to hostile enchantments, extremely unstealthy
A: berserk 2, deterioration 1, fire resistance 2, sense surroundings 1,
evolution 1
a: Berserk, Trog's Hand, Brothers in Arms, Burn Spellbooks, Renounce Religion,
Evoke Invisibility
}: 4/15 runes: serpentine, barnacled, slimy, silver


You were on level 4 of the Realm of Zot.
You worshipped Trog.
Trog was exalted by your worship.
You were starving.

You visited 11 branches of the dungeon, and saw 59 of its levels.
You visited 1 bazaar.
You also visited: Ossuary, Bailey and Volcano.

You collected 9040 gold pieces.
You spent 2316 gold pieces at shops.

Inventory:

Hand Weapons
 U - a +9 executioner's axe of chopping
 V - a +9 vampiric battleaxe (weapon)
Armour
 g - a +2 cloak of poison resistance (worn)
 k - a +10 plate armour of ponderousness (worn)
 q - a +2 pair of boots (worn)
 r - the +2 helmet of the Slorg (worn) {rF+ Regen+ rCorr}
   (You bought it in a shop on level 4 of the Orcish Mines)

   It protects you from fire.
   It increases your rate of regeneration.
   It protects you from acid and corrosion.
 t - a gold dragon hide
 F - a +7 plate armour of magic resistance
 O - the -2 hat of the Alchemist {rElec rPois rF+ rC+ rN+ MR+ rMut rCorr}
   (You found it on level 3 of the Depths)

   It protects you from fire.
   It protects you from cold.
   It insulates you from electricity.
   It protects you from poison.
   It protects you from negative energy.
   It affects your resistance to hostile enchantments.
   It protects you from acid and corrosion.
   It protects you from mutation.
 Q - a +2 pair of gloves of strength (worn)
Jewellery
 l - an amulet of regeneration (around neck)
 p - the ring of Keiraih (left hand) {+Inv rF+ rN++ Int+2}
   (You found it on level 3 of the Elven Halls)

   [ring of intelligence]

   It affects your intelligence (+2).
   It protects you from fire.
   It greatly protects you from negative energy.
   It lets you turn invisible.
 v - a +4 ring of protection (right hand)
Wands
 a - a wand of cold (10)
 j - a wand of draining (12)
 n - a wand of confusion (24)
 C - a wand of digging (11)
 D - a wand of lightning (8)
 K - a wand of fireball (8)
 M - a wand of paralysis (12)
 P - a wand of polymorph (13)
Scrolls
 b - 20 scrolls of remove curse
 d - 18 scrolls of teleportation
 h - 2 scrolls of blinking
 o - 24 scrolls of identify
 s - 3 scrolls of enchant weapon
 y - a scroll of magic mapping
 z - a scroll of silence
 G - 6 scrolls of fear
 H - 3 scrolls of summoning
 W - 5 scrolls of recharging
Potions
 f - 31 potions of curing
 i - 6 potions of haste
 u - 2 potions of heal wounds
 A - 4 potions of cancellation
 B - 8 potions of might
 E - 5 potions of resistance
 L - 5 potions of flight
 Y - 10 potions of agility
Miscellaneous
 e - a fan of gales
 w - 4 phantom mirrors
 x - a disc of storms
 J - a legendary deck of defence {the Elixir}
 N - a fan of gales
 R - a stone of tremors
 T - a sack of spiders {used: 11}
 X - a lamp of fire
 Z - a box of beasts
Comestibles
 c - 13 bread rations
 m - 18 meat rations
 I - 4 chunks of flesh


   Skills:
 O Level 27 Fighting
 O Level 27 Axes
 O Level 27 Armour
 + Level 16.8 Dodging
 + Level 18.2 Evocations


You had 26 spell levels left.
You didn't know any spells.

Dungeon Overview and Level Annotations

Branches:
Dungeon (15/15)            Temple (1/1) D:4            Lair (8/8) D:10
 Shoals (4/4) Lair:3        Snake (4/4) Lair:6        Slime (6/6) Lair:7
    Orc (4/4) D:12            Elf (3/3) Orc:4        Vaults (5/5) D:13
  Crypt (0/3) Vaults:2     Depths (5/5) D:15            Zot (4/5) Depths:5

Altars:
Ashenzari
Cheibriados
Dithmenos
Elyvilon
Fedhas
Gozag
Kikubaaqudgha
Makhleb
Nemelex Xobeh
Okawaru
Qazlal
Ru
Sif Muna
Trog
Vehumet
Xom
Yredelemnul
Zin
The Shining One
Beogh
Jiyva

Shops:
D:4 (   D:5 [   D:8 !   D:9 (   D:11 !   D:14 [*[[**   Orc:4 =*([*   Shoals:2 (
Snake:1 (   Depths:3 [   Depths:5 *

Portals:
Hell: Depths:1 Depths:2 Depths:3 Depths:4 Depths:5
Abyss: Depths:1 Depths:4
Pandemonium: Depths:3
Ziggurat: Depths:1

Annotations:
Depths:4 exclusion: door


Innate Abilities, Weirdness & Mutations

You often lose your temper in combat.
Your body sometimes deteriorates upon taking damage.
Your flesh is very heat resistant.
You passively map a small area around you.
You evolve.


Message History

Evoke which item? (* to show all) (? for menu, Esc to quit)
Okay, then.
Evoke which item? (* to show all) (? for menu, Esc to quit)
Okay, then.
You closely miss the moth of wrath.
You hit the Killer Klown but do no damage.
You open the mottled draconian monk like a pillowcase!!!
The mottled draconian monk is moderately wounded.
You hit the death cob.
The death cob is moderately damaged.
You hit the electric golem.
The electric golem is lightly damaged.
Your plate armour prevents you from hitting the Killer Klown.
You hit the death cob but do no damage.
The death cob is heavily damaged.
Your skin stops crawling.
You feel less resistant to hostile enchantments.
You feel sick. The death cob closely misses you. The death cob misses you.
The electric golem blinks!
The mottled draconian monk hits you!!!
You die...

...........##
#########...##
# ##...## #
##...## #
##...## #
##...## #####
##...#######
...... *
#''pz8'''''#
...... **
#''ยง@y'+++'#
#####.


#.''zqpq'+ #.'''.d..'+ * #.'+'.p}.'+' * ...'+'.?8.'+', * ...# ++....++ ### #..
++++++ ..## ## ...## ' ' * You could see 3 Killer Klowns, 2 electric golems, a
mottled draconian monk (berserk), a green draconian (berserk), a mottled
draconian shifter, 2 death cobs and a moth of wrath.

Vanquished Creatures
  the royal jelly (Slime:6)
  An orb of fire (Zot:3)
  Mennas (Vaults:2)
  4 juggernauts
  An ancient lich (Depths:3)
  Sojobo (Depths:4)
  Saint Roka (Orc:4)
  2 caustic shrikes (Depths:3)
  A curse toe (Zot:3)
  A Killer Klown (Zot:4)
  12 golden dragons
  5 liches
  Xtahua (Vaults:4)
  An electric golem (Zot:1)
  17 tentacled monstrosities
  Jorgrun (Vaults:4)
  A quicksilver dragon (Depths:5)
  Asterion (Snake:3)
  5 titans
  2 deep elf blademasters (Elf:3)
  2 deep elf master archers (Elf:3)
  29 acid blobs
  2 krakens
  An octopode crusher (Depths:4)
  2 death cobs (Zot:4)
  4 large abominations (Vaults:5)
  6 sphinxes
  Kirke (Lair:7)
  10 shadow dragons
  11 storm dragons
  2 ancient champions (Vaults:2)
  12 tengu reavers
  A draconian monk (Zot:4)
  14 azure jellies
  Ilsuiw (Shoals:4)
  10 greater nagas (Snake:4)
  12 frost giants
  12 fire giants
  3 draconian knights
  2 iron dragons
  A cacodemon (Depths:3)
  An orc warlord (Elf:2)
  10 vault wardens
  A draconian scorcher (Zot:2)
  2 draconian shifters
  4 deep elf sorcerers
  5 draconian annihilators
  2 draconian zealots (Zot:3)
  5 spriggan defenders
  24 ironheart preservers
  The ghost of Aokaililo the Spear-Bearer, a journeyman HuFi of the Shining One (Lair:8)
  2 war gargoyles
  A stone giant (shapeshifter) (Vaults:5)
  14 very ugly things
  35 stone giants
  7 vampire knights
  2 draconian callers
  10 deep elf annihilators
  9 black draconians
  4 green draconians
  A salamander firebrand (Depths:4)
  8 white draconians
  10 deep elf demonologists
  6 red draconians
  A salamander stormcaller (Vaults:3)
  7 purple draconians
  6 mottled draconians
  3 yellow draconians
  4 merfolk javelineers (Shoals:4)
  Snorg (D:11)
  20 ettins
  6 death oozes
  13 fire dragons
  16 great orbs of eyes
  25 vault guards
  12 merfolk impalers
  5 deep elf death magi
  23 yaktaur captains
  Erolcha (D:11)
  7 deep elf high priests
  7 rakshasas
  Fannar (Orc:2)
  12 ice dragons
  14 centaur warriors
  7 hydras
  6 entropy weavers
  18 naga warriors
  A hell beast (Depths:2)
  Erica (Lair:2)
  10 anacondas
  6 spriggan air magi
  15 dancing weapons (Elf:2)
  6 merfolk avatars
  2 alligator snapping turtles
  A catoblepas (Shoals:2)
  The ghost of F1L1N the Nimble, a journeyman GrCK of Xom (D:11)
  4 death yaks
  9 merfolk aquamancers
  4 deep troll shamans
  14 ogre magi
  2 satyrs
  3 tengu warriors (Depths:4)
  6 orc high priests
  8 deep troll earth magi
  20 naga sharpshooters
  A vampire mage (Depths:3)
  9 spriggan berserkers
  Sonja (Orc:2)
  6 shock serpents
  3 fire crabs
  The ghost of emiel the Spear-Bearer, a novice NaGl of Cheibriados (D:10)
  4 salamander mystics
  A hell knight (Depths:3)
  3 small abominations
  2 shadow wraiths
  An iron troll (Depths:1)
  21 deep elf knights
  8 giant orange brains
  6 skeletal warriors
  4 wizards
  4 unseen horrors
  A giant orange brain (shapeshifter) (Depths:2)
  An ice devil (Depths:3)
  9 naga ritualists
  22 deep trolls
  4 flayed ghosts
  19 deep elf summoners
  10 sea snakes
  28 orc knights
  17 ironbrand convokers
  A torturous demonspawn (Depths:3)
  8 mana vipers
  32 harpies
  5 wolf spiders
  7 hill giants
  A harpy (shapeshifter) (Vaults:5)
  A lindwurm (shapeshifter) (Elf:1)
  24 deep elf conjurers
  3 oklob plants
  2 hornets
  6 orc sorcerers
  A griffon (shapeshifter) (Vaults:5)
  21 griffons
  16 moths of wrath
  2 salamanders
  13 fauns
  A hornet (shapeshifter) (Vaults:5)
  12 vault sentinels
  3 water nymphs
  21 ugly things
  7 guardian serpents
  A cyclops (shapeshifter) (Vaults:5)
  12 elephants
  11 shining eyes
  A guardian serpent (shapeshifter) (Vaults:3)
  8 manticores
  18 sirens
  Maurice (Orc:4)
  4 eyes of devastation
  6 cyclopes
  An elephant (shapeshifter) (Depths:4)
  The ghost of Alakolaz the Covert, a novice SpAs (D:6)
  21 naga magi
  A rust devil (Depths:2)
  31 black mambas
  8 spiny frogs
  A torpor snail (shapeshifter) (Depths:3)
  6 gargoyles
  An orange demon (Slime:4)
  2 torpor snails
  A molten gargoyle (Volcano)
  54 yaktaurs
  14 komodo dragons
  5 kobold demonologists
  A spiny frog (shapeshifter) (D:13)
  A jumping spider (shapeshifter) (Elf:3)
  The ghost of theElss the Cudgeler, a novice GrBe of Trog (Ossuary)
  21 deep elf priests
  2 spriggan druids (Lair:8)
  8 fire drakes
  A blue devil (Depths:2)
  A red devil (Depths:2)
  4 tengu conjurers
  6 freezing wraiths
  31 merfolk
  A polar bear (shapeshifter) (Vaults:3)
  2 wind drakes (Shoals:4)
  13 polar bears
  10 trolls
  7 boulder beetles
  2 blink frogs (shapeshifter)
  A harpy skeleton (D:15)
  2 wind drakes (shapeshifter)
  16 snapping turtles
  A raiju (shapeshifter) (Vaults:1)
  A jumping spider (Vaults:4)
  15 two-headed ogres
  172 slime creatures
  2 trapdoor spider zombies
  25 blink frogs
  2 wraiths
  A spriggan zombie (Depths:2)
  A stone giant simulacrum (Vaults:1)
  2 ynoxinuls (Depths:3)
  6 air elementals
  A trapdoor spider (D:13)
  26 water elementals
  17 redbacks
  19 spriggans
  50 deep elf magi
  47 yaks
  A vampire (D:14)
  A chaos spawn (Slime:4)
  6 hogs (Lair:7)
  The ghost of SaintRoka the Sneak, an amateur NaAs (D:3)
  2 hungry ghosts (D:13)
  57 deep elf fighters
  3 shadows
  5 basilisks
  5 fire elementals (Volcano)
  A steam dragon (D:15)
  8 hippogriffs
  23 golden eyes
  2 tarantellas
  13 vampire mosquitoes
  A hippogriff (shapeshifter) (Depths:3)
  5 mottled dragons
  26 wolves
  4 wyverns
  A golden eye (shapeshifter) (Vaults:2)
  A redback simulacrum (Vaults:1)
  A soldier ant (shapeshifter) (Depths:3)
  68 nagas
  9 porcupines
  A soldier ant (D:10)
  9 wargs
  8 eyes of draining
  9 black bears
  22 water moccasins
  A boggart (Depths:3)
  5 sky beasts
  87 orc warriors
  2 phantoms (D:11)
  A necrophage (D:10)
  3 ice beasts
  An ice beast (shapeshifter) (Depths:2)
  8 wasps
  49 ogres
  An ettin simulacrum (Vaults:3)
  13 crocodiles
  3 big kobolds
  28 centaurs
  19 giant frogs
  6 scorpions
  8 wights
  11 killer bees (D:14)
  A killer bee (shapeshifter) (Vaults:3)
  A troll skeleton (D:9)
  3 spriggan skeletons (D:9)
  4 hounds
  A human simulacrum (Vaults:3)
  5 crimson imps
  44 orc priests
  2 centaur zombies
  A giant frog zombie (D:6)
  2 quasits
  4 giant frog skeletons
  5 centaur skeletons
  53 jellies
  10 worker ants
  Jessica (D:5)
  41 orc wizards
  9 iguanas
  4 sheep (Vaults:2)
  2 hound skeletons
  14 mummies
  A worker ant zombie (D:7)
  Robin (D:4)
  14 adders
  78 river rats
  3 shadow imps
  16 oozes
  An adder zombie (D:5)
  4 worms
  5 giant geckos
  246 orcs
  An orc (shapeshifter) (Vaults:1)
  7 giant cockroaches
  2 gnoll skeletons (Ossuary)
  11 goblins
  13 hobgoblins
  8 jackals
  30 kobolds
  4 ball pythons
  16 bats
  A giant gecko zombie (D:5)
  10 giant newts
  A goblin skeleton (Ossuary)
  A goblin zombie (D:4)
  A kobold skeleton (Ossuary)
  3 orc skeletons (Ossuary)
  An orc zombie (D:4)
  5 quokkas
  A quokka skeleton (D:4)
  20 rats
  11 rat skeletons (Ossuary)
  A crawling corpse (Vaults:5)
  3 fire vortices (Volcano)
  31 fungi
  68 plants
  7 tentacles
3163 creatures vanquished.

Vanquished Creatures (collateral kills)
  Polyphemus (Shoals:2)
  The ghost of SaintRoka the Severer, an adept MiAK of Lugonu (Shoals:2)
  2 greater nagas (Snake:4)
  2 vault guards (D:13)
  2 naga warriors (Snake:4)
  2 merfolk avatars
  4 naga sharpshooters
  A skeletal warrior (D:15)
  A sea snake (Shoals:1)
  An orc sorcerer (Orc:4)
  A cyclops (D:13)
  2 water nymphs
  A faun (Shoals:1)
  A manticore (D:15)
  4 sirens
  A naga mage (Snake:4)
  A salamander (Snake:4)
  A kobold demonologist (D:11)
  A slime creature (Shoals:3)
  4 snapping turtles
  A wraith (D:15)
  2 water elementals (Shoals:2)
  3 deep elf fighters (Orc:4)
  13 nagas
  An ogre (Orc:4)
  2 orc warriors (Orc:4)
  An orc priest (Orc:4)
  3 orc wizards (Orc:4)
  6 orcs
  A kobold (D:11)
  2 fungi (Lair:2)
69 creatures vanquished.

Vanquished Creatures (others)
  Nikola (Shoals:2)
  A storm dragon (Depths:5)
  A tengu reaver (Vaults:5)
  2 vault wardens (Vaults:5)
  A draconian scorcher (Zot:4)
  A draconian shifter (Zot:4)
  6 vault guards (Vaults:5)
  A deep elf high priest (Elf:3)
  An ogre mage (Vaults:5)
  2 yaktaurs (Vaults:5)
  A soldier ant (shapeshifter) (Depths:3)
  A centaur (D:12)
  A jelly (Slime:3)
  An orc skeleton (Ossuary)
  20 fungi
  10 plants
  9 tentacles
  574 tentacle segments
634 creatures vanquished.

Grand Total: 3866 creatures vanquished

Notes
Turn   | Place    | Note
--------------------------------------------------------------
     0 | D:1      | lyrx the Hill Orc Berserker began the quest for the Orb.
     0 | D:1      | Reached XP level 1. HP: 19/19 MP: 1/1
    49 | D:1      | Reached XP level 2. HP: 27/27 MP: 2/2
   271 | D:1      | Reached XP level 3. HP: 30/33 MP: 3/3
   273 | D:1      | Reached ** piety under Trog
   732 | D:2      | Found a bloodstained altar of Trog.
   797 | D:2      | Found a burning altar of Makhleb.
   798 | D:2      | Found a basalt altar of Yredelemnul.
   871 | D:2      | Reached skill level 5 in Axes
   974 | D:2      | Found a faded altar to an unknown god.
  1346 | D:2      | Found a bloodstained altar of Trog.
  1367 | D:2      | Reached XP level 4. HP: 33/40 MP: 4/4
  1638 | D:2      | Reached *** piety under Trog
  1914 | D:3      | Reached skill level 6 in Axes
  2093 | D:3      | Found a stormy altar of Qazlal.
  2100 | D:3      | Noticed SaintRoka's ghost (amateur NaAs)
  2116 | D:3      | Killed SaintRoka's ghost
  2116 | D:3      | Reached skill level 7 in Axes
  2116 | D:3      | Reached XP level 5. HP: 46/46 MP: 5/5
  2116 | D:3      | Reached XP level 6. HP: 52/52 MP: 6/6
  2160 | D:3      | Reached skill level 8 in Axes
  2205 | D:3      | Found a white marble altar of Elyvilon.
  2468 | D:3      | Reached **** piety under Trog
  2536 | D:3      | Reached skill level 9 in Axes
  2645 | D:4      | Noticed Robin
  2651 | D:4      | Reached XP level 7. HP: 59/59 MP: 7/7
  2658 | D:4      | Killed Robin
  2803 | D:4      | Found a sand-covered staircase.
  2813 | Ossuary  | Entered an ossuary
  2877 | Ossuary  | Noticed theElss's ghost (novice GrBe)
  2886 | Ossuary  | Killed theElss's ghost
  2886 | Ossuary  | Reached skill level 10 in Axes
  2928 | Ossuary  | Reached skill level 11 in Axes
  3162 | Ossuary  | Reached XP level 8. HP: 49/66 MP: 8/8
  3470 | D:4      | Gained mutation: Your flesh is heat resistant. [potion of mutation]
  3470 | D:4      | Gained mutation: Your spells are a little easier to cast, but a little less powerful. [potion of mutation]
  3470 | D:4      | Gained mutation: You expend magic power (3 MP) to strengthen your wands. [potion of mutation]
  3471 | D:4      | Gained mutation: You are agile. (Dex +2) [potion of beneficial mutation]
  3559 | D:4      | Reached skill level 12 in Axes
  3577 | D:4      | Found a staircase to the Ecumenical Temple.
  3582 | Temple   | Entered the Ecumenical Temple
  4014 | D:4      | Found Yghufyef's Weapon Emporium.
  4113 | D:4      | Found a deep blue altar of Sif Muna.
  4373 | D:5      | Entered Level 5 of the Dungeon
  4475 | D:5      | Found an iron altar of Okawaru.
  4555 | D:5      | Found a sparkling altar of Nemelex Xobeh.
  4555 | D:5      | Noticed Jessica
  4564 | D:5      | Killed Jessica
  4830 | D:5      | Reached skill level 13 in Axes
  4840 | D:5      | Gained mutation: You are very agile. (Dex +4) [mutagenic meat]
  4841 | D:5      | Gained mutation: You are resistant to hostile enchantments. [mutagenic meat]
  4844 | D:5      | Gained mutation: Your natural rate of healing is unusually fast. [mutagenic meat]
  4867 | D:5      | Found Dohonta's Antique Armour Shoppe.
  4875 | D:5      | Bought a shiny helmet for 148 gold pieces
  5098 | D:6      | Noticed Alakolaz's ghost (novice SpAs)
  5113 | D:6      | Killed Alakolaz's ghost
  5113 | D:6      | Reached skill level 14 in Axes
  5113 | D:6      | Reached XP level 9. HP: 71/71 MP: 9/9
  5519 | D:7      | Reached skill level 15 in Axes
  5753 | D:7      | Found a snail-covered altar of Cheibriados.
  5786 | D:7      | Reached ***** piety under Trog
  6276 | D:8      | Found Emagidel's Distillery.
  6287 | D:8      | Reached skill level 16 in Axes
  6439 | D:8      | Found a flagged portal.
  6458 | Bailey   | Entered a bailey
  6481 | Bailey   | Received a gift from Trog
  6584 | Bailey   | Reached XP level 10. HP: 78/78 MP: 10/10
  6590 | Bailey   | Reached skill level 17 in Axes
  6759 | Bailey   | Noticed an orc knight
  6759 | Bailey   | Noticed an orc knight
  6770 | Bailey   | Killed an orc knight
  6773 | Bailey   | Killed an orc knight
  6773 | Bailey   | Reached skill level 18 in Axes
  6930 | Bailey   | Noticed an orc knight
  6937 | Bailey   | Killed an orc knight
  7509 | D:8      | Reached skill level 20 in Axes
  7509 | D:8      | Reached XP level 11. HP: 84/84 MP: 11/11
  7688 | D:9      | Reached XP level 12. HP: 81/91 MP: 12/12
  7718 | D:9      | Found Xyneqoi's Weapon Shoppe.
  7760 | D:9      | Found a sacrificial altar of Ru.
  8111 | D:9      | Killed an unseen horror
  8255 | D:10     | Entered Level 10 of the Dungeon
  8374 | D:10     | Found a staircase to the Lair.
  8379 | D:10     | Got an ichor-stained flail
  8383 | D:10     | Identified the cursed +3 flail of Sonost {venom, +Rage MR+ Dex+2} (You found it on level 10 of the Dungeon)
  8488 | D:10     | Gained mutation: Scrolls take you a little longer to read. [potion of mutation]
  8488 | D:10     | Lost mutation: You are very agile. (Dex +4) [potion of mutation]
  8639 | D:10     | Gained mutation: You can spit weak poison. [potion of mutation]
  8639 | D:10     | Lost mutation: You expend magic power (3 MP) to strengthen your wands. [potion of mutation]
  8640 | D:10     | Lost mutation: You can spit weak poison. [potion of mutation]
  8640 | D:10     | Gained mutation: You tend to lose your temper in combat. [potion of mutation]
  8743 | D:10     | Noticed emiel's ghost (novice NaGl)
  8761 | D:10     | Killed emiel's ghost
  8761 | D:10     | Reached skill level 21 in Axes
  9159 | D:11     | Noticed F1L1N's ghost (journeyman GrCK)
  9183 | D:11     | Killed F1L1N's ghost
  9332 | D:11     | Noticed Erolcha
  9332 | D:11     | Noticed an eight-headed hydra
  9341 | D:11     | Killed a 12-headed hydra
  9345 | D:11     | Killed Erolcha
  9420 | D:11     | Reached skill level 22 in Axes
  9467 | D:11     | Noticed Snorg
  9471 | D:11     | Killed Snorg
 10082 | D:11     | Found Emneil's Distillery.
 10087 | D:11     | Bought a potion of beneficial mutation for 490 gold pieces
 10087 | D:11     | Gained mutation: You have a pair of small antennae on your head. [potion of beneficial mutation]
 10348 | D:12     | Received a gift from Trog
 10365 | D:12     | Reached XP level 13. HP: 94/96 MP: 13/13
 10440 | D:12     | Reached skill level 23 in Axes
 10899 | D:12     | Found a staircase to the Orcish Mines.
 11085 | D:13     | Found a gate to the Vaults.
 11085 | D:13     | Noticed a vault guard
 11085 | D:13     | Noticed a vault guard
 11085 | D:13     | Noticed a vault guard
 11085 | D:13     | Noticed a vault guard
 11090 | D:13     | Killed a vault guard
 11098 | D:13     | Killed a vault guard
 11101 | D:13     | Killed a vault guard
 11110 | D:13     | Killed a vault guard
 11110 | D:13     | Reached skill level 24 in Axes
 11276 | D:13     | Gained mutation: You are frail (-10% HP). [mutagenic meat]
 11733 | D:13     | Gained mutation: You are highly resistant to hostile enchantments. [mutagenic meat]
 11811 | D:13     | Received a gift from Trog
 12175 | D:14     | Reached skill level 25 in Axes
 12207 | D:14     | Found Xexuraat's Antique Armour Shop.
 12266 | D:14     | Found Qoejaac's Demolitions Depot.
 12376 | D:14     | Reached XP level 14. HP: 45/93 MP: 14/14
 12621 | D:14     | Found Mazxirgha's General Store.
 12717 | D:14     | Found Vaobb's Armour Shoppe.
 12941 | D:14     | Found Qyboim's Antique Armour Emporium.
 12963 | D:14     | Found Fistovon's Assorted Antiques.
 13272 | D:15     | Entered Level 15 of the Dungeon
 13427 | D:15     | Reached ****** piety under Trog
 13512 | D:15     | Reached skill level 26 in Axes
 14047 | D:15     | Found a staircase to the Depths.
 14634 | D:15     | Reached skill level 1 in Evocations
 14830 | Orc:1    | Entered Level 1 of the Orcish Mines
 14901 | Orc:1    | Received a gift from Trog
 15685 | Orc:2    | Noticed Fannar
 15693 | Orc:2    | Killed Fannar
 15693 | Orc:2    | Received a gift from Trog
 15693 | Orc:2    | Reached skill level 27 in Axes
 15821 | Orc:2    | Noticed Sonja
 15836 | Orc:2    | Killed Sonja
 15845 | Orc:2    | Found a roughly hewn altar of Beogh.
 16328 | Orc:3    | Found a dark tunnel.
 16333 | Volcano  | Entered a volcano
 16355 | Volcano  | Reached skill level 5 in Fighting
 17104 | Orc:3    | Reached XP level 15. HP: 79/103 MP: 16/16
 17218 | Orc:4    | Entered Level 4 of the Orcish Mines
 17218 | Orc:4    | Found a staircase to the Elven Halls.
 17265 | Orc:4    | Noticed Maurice
 17281 | Orc:4    | Found Xafamp's Assorted Antiques.
 17290 | Orc:4    | Killed Maurice
 17432 | Orc:4    | Received a gift from Trog
 17784 | Orc:4    | Noticed Saint Roka
 17829 | Orc:4    | Killed Saint Roka
 17990 | Orc:4    | Found a roughly hewn altar of Beogh.
 18004 | Orc:4    | Found Rozoj's Antique Weapon Shop.
 18011 | Orc:4    | Found Itycicyt's Jewellery Shop.
 18091 | Orc:4    | Found Vawkeac's Antique Armour Shop.
 18110 | Orc:4    | Found Piwubafri's General Store.
 18582 | D:14     | Bought a runed plate armour for 644 gold pieces
 18609 | D:14     | Bought a pair of runed gloves for 126 gold pieces
 18777 | Lair:1   | Entered Level 1 of the Lair of Beasts
 18932 | Lair:1   | Received a gift from Trog
 19254 | Lair:1   | Got a translucent cloak
 19266 | Lair:1   | Identified the +1 cloak "Zuvemaap" {Int+4 Stlth+} (You found it on level 1 of the Lair of Beasts)
 19742 | Lair:2   | Noticed Erica
 19750 | Lair:2   | Killed Erica
 19754 | Lair:2   | Found an ancient bone altar of Kikubaaqudgha.
 19826 | Lair:2   | Got an agate-encrusted leather armour
 19837 | Lair:2   | Identified the cursed +1 leather armour "Taekh" {rElec rC- Str+10 Dex-5} (You found it on level 2 of the Lair of Beasts)
 20395 | Lair:3   | Reached skill level 10 in Armour
 20510 | Lair:3   | Found a staircase to the Shoals.
 20645 | Lair:3   | Received a gift from Trog
 21918 | Lair:5   | Got an ancient pewter ring
 21921 | Lair:5   | Identified the ring of the Invisible Hand {Ice rPois} (You found it on level 5 of the Lair of Beasts)
 22006 | Lair:5   | Received a gift from Trog
 22023 | Lair:5   | Reached skill level 10 in Fighting
 22030 | Lair:5   | Reached skill level 5 in Evocations
 22849 | Lair:6   | You fall through a shaft for 2 floors!
 22849 | Lair:8   | Entered Level 8 of the Lair of Beasts
 22926 | Lair:8   | Received a gift from Trog
 23153 | Lair:6   | Reached XP level 16. HP: 123/123 MP: 20/20
 23156 | Lair:6   | Received a gift from Trog
 23178 | Lair:6   | Found a staircase to the Snake Pit.
 24056 | Lair:7   | Noticed Kirke
 24067 | Lair:7   | Killed Kirke
 24111 | Lair:7   | Found a staircase to the Slime Pits.
 24216 | Lair:7   | Received a gift from Trog
 25335 | Lair:7   | Received a gift from Trog
 25823 | Lair:8   | Noticed Aokaililo's ghost (journeyman HuFi)
 25853 | Lair:8   | Killed Aokaililo's ghost
 26520 | Lair:8   | Received a gift from Trog
 26950 | Snake:1  | Entered Level 1 of the Snake Pit
 26950 | Snake:1  | Found a shadowy altar of Dithmenos.
 27011 | Snake:1  | Reached skill level 15 in Fighting
 27203 | Snake:1  | Found Batorgh's Antique Weapon Emporium.
 27715 | Snake:1  | Reached XP level 17. HP: 115/140 MP: 21/23
 28146 | Snake:2  | Found a white marble altar of Elyvilon.
 28198 | Snake:2  | Received a gift from Trog
 29485 | Snake:3  | Gained mutation: Armour fits poorly on your strangely shaped body. [mutagenic meat]
 29486 | Snake:3  | Gained mutation: Your flesh is very heat resistant. [mutagenic meat]
 29487 | Snake:3  | Lost mutation: Scrolls take you a little longer to read. [mutagenic meat]
 29642 | Snake:3  | Noticed Asterion
 29652 | Snake:3  | Killed Asterion
 30208 | Snake:4  | Entered Level 4 of the Snake Pit
 30215 | Snake:4  | Received a gift from Trog
 30985 | Snake:4  | Received a gift from Trog
 31073 | Snake:4  | Reached XP level 18. HP: 135/153 MP: 25/25
 31258 | Snake:4  | Received a gift from Trog
 31660 | Snake:4  | Lost mutation: You are agile. (Dex +2) [mutagenic meat]
 31689 | Snake:4  | Got a serpentine rune of Zot
 31716 | Snake:4  | Gained mutation: You have sharp toenails. [potion of mutation]
 31717 | Snake:4  | Gained mutation: You are dopey. (Int -2) [potion of mutation]
 31854 | Snake:4  | Reached skill level 10 in Evocations
 32079 | Snake:4  | Received a gift from Trog
 32183 | Snake:4  | Gained mutation: You are weak. (Str -2) [mutagenic meat]
 32184 | Snake:4  | Lost mutation: Armour fits poorly on your strangely shaped body. [mutagenic meat]
 32185 | Snake:4  | Gained mutation: You are partially covered in rugged brown scales (AC +1, +3% HP). [mutagenic meat]
 32449 | Snake:4  | Received a gift from Trog
 32642 | Snake:4  | Got an encrusted battleaxe {god gift}
 32645 | Snake:4  | Identified the +10 battleaxe "Kathusy" {chop, *Noise rN+ Stlth+} (Trog gifted it to you on level 4 of the Snake Pit)
 33064 | Shoals:1 | Entered Level 1 of the Shoals
 33823 | Shoals:1 | Received a gift from Trog
 34344 | Shoals:2 | Noticed Polyphemus
 34362 | Shoals:2 | Killed Polyphemus
 34380 | Shoals:2 | Noticed SaintRoka's ghost (adept MiAK)
 34421 | Shoals:2 | Killed SaintRoka's ghost
 34421 | Shoals:2 | Reached XP level 19. HP: 34/170 MP: 25/27
 34490 | Shoals:2 | Noticed Nikola
 34658 | Shoals:2 | Killed Nikola
 34757 | Shoals:2 | Found Biulimm's Antique Weapon Emporium.
 34833 | Shoals:2 | Received a gift from Trog
 34843 | Shoals:2 | Got a faintly glowing battleaxe {god gift}
 34845 | Shoals:2 | Identified the +9 battleaxe of Circularity {freeze, rElec Stlth+} (Trog gifted it to you on level 2 of the Shoals)
 35432 | Shoals:2 | Found a shattered altar of Ashenzari.
 36097 | Shoals:3 | Received a gift from Trog
 36280 | Shoals:3 | Reached skill level 15 in Armour
 36958 | Shoals:4 | Entered Level 4 of the Shoals
 36960 | Shoals:4 | Noticed Ilsuiw
 37204 | Shoals:4 | Killed Ilsuiw
 37331 | Shoals:4 | Found a glowing silver altar of Zin.
 37714 | Shoals:4 | Got a barnacled rune of Zot
 37844 | Shoals:4 | Reached XP level 20. HP: 172/184 MP: 27/29
 37860 | Shoals:4 | Received a gift from Trog
 38724 | Vaults:1 | Entered Level 1 of the Vaults
 38765 | Vaults:1 | Received a gift from Trog
 38838 | Vaults:1 | Got an encrusted executioner's axe {god gift}
 38840 | Vaults:1 | Identified the +3 executioner's axe of Contradiction {freeze, rF+ Int+4} (Trog gifted it to you on level 1 of the Vaults)
 40238 | Vaults:2 | Received a gift from Trog
 40463 | Vaults:2 | Found a staircase to the Crypt.
 40580 | Vaults:2 | Noticed Mennas
 40599 | Vaults:2 | Killed Mennas
 40599 | Vaults:2 | Reached XP level 21. HP: 195/195 MP: 30/30
 41849 | Vaults:3 | Received a gift from Trog
 41890 | Vaults:3 | Got a translucent hunting sling {god gift}
 42337 | Vaults:3 | Lost mutation: You have sharp toenails. [mutagenic meat]
 42338 | Vaults:3 | Lost mutation: You are highly resistant to hostile enchantments. [mutagenic meat]
 42339 | Vaults:3 | Gained mutation: Your spells are easier to cast, but less powerful. [mutagenic meat]
 42344 | Vaults:3 | Lost mutation: Your natural rate of healing is unusually fast. [mutagenic meat]
 42345 | Vaults:3 | Lost mutation: You are frail (-10% HP). [mutagenic meat]
 42347 | Vaults:3 | Lost mutation: Your spells are easier to cast, but less powerful. [mutagenic meat]
 42349 | Vaults:3 | Gained mutation: You passively map a small area around you. [mutagenic meat]
 42402 | Vaults:3 | Received a gift from Trog
 43172 | Vaults:4 | Noticed Xtahua
 43181 | Vaults:4 | Killed Xtahua
 43408 | Vaults:4 | Noticed Jorgrun
 43416 | Vaults:4 | Killed Jorgrun
 43416 | Vaults:4 | Reached XP level 22. HP: 230/230 MP: 32/32
 43437 | Vaults:4 | Received a gift from Trog
 43449 | Vaults:4 | Found a flickering gateway to a bazaar.
 43455 | Bazaar   | Entered a bazaar
 43455 | Bazaar   | Found Garef's Jewellery Boutique.
 43458 | Bazaar   | Found Ozooq's Gadget Emporium.
 43468 | Bazaar   | Found Xoelijodu's Armour Boutique.
 43517 | Bazaar   | Found Ibanecaa's Antique Armour Emporium.
 43534 | Bazaar   | Bought an uncursed amulet of clarity for 240 gold pieces
 45154 | Elf:1    | Entered Level 1 of the Elven Halls
 45276 | Elf:1    | Received a gift from Trog
 45605 | Elf:1    | Received a gift from Trog
 45989 | Elf:1    | Got a crude hand axe
 46308 | Elf:2    | Received a gift from Trog
 46469 | Elf:2    | Found a runed gate.
 46469 | Elf:2    | Found a runed gate.
 46470 | Elf:2    | Found a runed gate.
 46783 | Elf:2    | Identified the cursed +1 hand axe of the Jolly Tales {chop, Int+2} (You found it on level 1 of the Elven Halls)
 47078 | Elf:2    | Received a gift from Trog
 47082 | Elf:2    | Reached XP level 23. HP: 243/243 MP: 34/34
 47366 | Elf:3    | Entered Level 3 of the Elven Halls
 47864 | Elf:3    | Gained mutation: You are very dopey. (Int -4) [mutagenic glow]
 48143 | Elf:3    | Received a gift from Trog
 48350 | Elf:3    | Reached skill level 15 in Evocations
 48651 | Elf:3    | Got a wavering tin ring
 48931 | Elf:3    | Identified the ring of Keiraih {+Inv rF+ rN++ Int+2} (You found it on level 3 of the Elven Halls)
 49011 | Elf:3    | Got a bronze leather armour
 49022 | Elf:3    | Identified the +4 leather armour of the Bells {rC+ rCorr} (You found it on level 3 of the Elven Halls)
 49035 | Elf:3    | Got a clouded platinum ring
 49037 | Elf:3    | Identified the ring "Otoumeif" {Ice MR+ Dex+2} (You found it on level 3 of the Elven Halls)
 49143 | Elf:3    | Got a brightly glowing ivory amulet
 49267 | Elf:3    | Received a gift from Trog
 49281 | Elf:3    | Identified the amulet of Secrets {Clar MR- Int+5} (You took it off a deep elf blademaster on level 3 of the Elven Halls)
 49779 | Lair:2   | Lost mutation: You are resistant to hostile enchantments. [potion of cure mutation]
 49779 | Lair:2   | Lost mutation: You are weak. (Str -2) [potion of cure mutation]
 49779 | Lair:2   | Lost mutation: You have a pair of small antennae on your head. [potion of cure mutation]
 49779 | Lair:2   | Lost mutation: You are partially covered in rugged brown scales (AC +1, +3% HP). [potion of cure mutation]
 49779 | Lair:2   | Lost mutation: You tend to lose your temper in combat. [potion of cure mutation]
 50446 | Orc:4    | Bought a twisted helmet for 332 gold pieces
 50457 | Orc:4    | Identified the +2 helmet of the Slorg {rF+ Regen+ rCorr} (You bought it in a shop on level 4 of the Orcish Mines)
 50840 | Slime:1  | Entered Level 1 of the Pits of Slime
 51486 | Slime:2  | Received a gift from Trog
 51613 | Slime:2  | Reached skill level 27 in Fighting
 51623 | Slime:2  | Gained mutation: You are clumsy. (Dex -2) [a shining eye]
 51984 | Slime:3  | Received a gift from Trog
 52113 | Slime:3  | Found a viscous altar of Jiyva.
 52583 | Slime:5  | Reached XP level 24. HP: 247/247 MP: 34/34
 52856 | Slime:6  | Entered Level 6 of the Pits of Slime
 52858 | Slime:6  | Gained mutation: You occasionally shout uncontrollably at your foes. [a shining eye]
 53056 | Slime:6  | Received a gift from Trog
 53621 | Slime:6  | Found a viscous altar of Jiyva.
 53687 | Slime:6  | Noticed the royal jelly
 53696 | Slime:6  | Killed the royal jelly
 53847 | Slime:6  | Got a slimy rune of Zot
 53851 | Slime:6  | Got a fine bronze ring
 53853 | Slime:6  | Identified the ring of Zocs {Ice -Tele rElec SInv} (You found it on level 6 of the Pits of Slime)
 54178 | Lair:2   | Lost mutation: Your spells are a little easier to cast, but a little less powerful. [potion of cure mutation]
 54178 | Lair:2   | Lost mutation: You occasionally shout uncontrollably at your foes. [potion of cure mutation]
 54178 | Lair:2   | Lost mutation: You are very dopey. (Int -4) [potion of cure mutation]
 54178 | Lair:2   | Lost mutation: You are dopey. (Int -2) [potion of cure mutation]
 54682 | Vaults:5 | Entered Level 5 of the Vaults
 54698 | Vaults:5 | Received a gift from Trog
 54805 | Vaults:5 | Got a silver rune of Zot
 54825 | Vaults:5 | Reached XP level 25. HP: 255/255 MP: 34/34
 54932 | Vaults:5 | Received a gift from Trog
 55211 | Vaults:5 | Received a gift from Trog
 56081 | Vaults:5 | Got an ichor-stained battleaxe
 56082 | Vaults:5 | Identified the +8 battleaxe of Toamm {chop, +Fly rF+ Int+3} (You found it on level 5 of the Vaults)
 56167 | Vaults:5 | Received a gift from Trog
 57124 | Depths:1 | Entered Level 1 of the Depths
 57247 | Depths:1 | You fall through a shaft!
 57377 | Depths:2 | Found a shattered altar of Ashenzari.
 57640 | Depths:2 | Found a gateway to Hell.
 58002 | Depths:2 | You fall through a shaft for 2 floors!
 58160 | Depths:4 | Reached XP level 26. HP: 222/264 MP: 34/34
 58302 | Depths:2 | Noticed a juggernaut
 58312 | Depths:2 | Killed a juggernaut
 58555 | Depths:2 | Received a gift from Trog
 58889 | Depths:3 | Noticed a juggernaut
 58899 | Depths:3 | Killed a juggernaut
 59063 | Depths:3 | Noticed a juggernaut
 59068 | Depths:3 | Noticed an ancient lich
 59070 | Depths:3 | Noticed a juggernaut
 59075 | Depths:3 | Killed a juggernaut
 59085 | Depths:3 | Killed an ancient lich
 59086 | Depths:3 | Reached skill level 27 in Armour
 59086 | Depths:3 | Killed a juggernaut
 59377 | Depths:3 | Reached skill level 5 in Dodging
 59377 | Depths:3 | Received a gift from Trog
 59379 | Depths:3 | Gained mutation: You are weak. (Str -2) [a shining eye]
 59381 | Depths:3 | Gained mutation: You tend to lose your temper in combat. [a shining eye]
 59736 | Depths:3 | Reached XP level 27. HP: 271/271 MP: 34/34
 59824 | Depths:3 | Found Wicax's Armour Boutique.
 60152 | Depths:3 | Received a gift from Trog
 60804 | Depths:3 | Found a one-way gate leading to the halls of Pandemonium.
 60811 | Depths:3 | Gained mutation: Potions and wands are less effective at restoring your health. [a cacodemon]
 60820 | Depths:3 | Gained mutation: You often lose your temper in combat. [a cacodemon]
 60952 | Depths:4 | Found a one-way gate to the infinite horrors of the Abyss.
 60958 | Depths:4 | Noticed Sojobo
 60993 | Depths:4 | Killed Sojobo
 60993 | Depths:4 | Reached skill level 10 in Dodging
 61233 | Depths:4 | Found a runed warning-scrawled door.
 61286 | Depths:4 | Gained mutation: Your magical capacity is low (-10% MP). [mutagenic meat]
 61393 | Depths:4 | Paralysed by a great orb of eyes for 6 turns
 61412 | Depths:4 | Received a gift from Trog
 61862 | Depths:4 | Identified a scroll of acquirement
 61876 | Depths:4 | Got an ancient hat
 61887 | Depths:4 | Identified the -6 hat "Jiyn" {rN+ Int+2} (You acquired it on level 4 of the Depths)
 61999 | Depths:4 | Found a runed door.
 62053 | Depths:4 | Found a runed door.
 62096 | Depths:5 | Entered Level 5 of the Depths
 62096 | Depths:5 | Found Fytifem's Assorted Antiques.
 62181 | Depths:5 | Bought 2 potions of agility for 336 gold pieces
 62226 | Depths:5 | Found a gate to the Realm of Zot.
 62378 | Depths:5 | Received a gift from Trog
 62632 | Depths:5 | Lost mutation: You are clumsy. (Dex -2) [mutagenic meat]
 62635 | Depths:5 | Gained mutation: You evolve. [mutagenic meat]
 62637 | Depths:5 | Lost mutation: You are weak. (Str -2) [mutagenic meat]
 62638 | Depths:5 | Gained mutation: Your body sometimes deteriorates upon taking damage. [mutagenic meat]
 63455 | Depths:1 | Found a gateway to a ziggurat.
 64402 | Lair:2   | Drew Focus: Str increased to 34, Int decreased to 6
 64403 | Lair:2   | Drew Focus: Str increased to 35, Int decreased to 5
 64412 | Lair:2   | Hired Ceokuck the naga for 163 gold.
 64416 | Lair:2   | Hired Nuur the tengu for 122 gold.
 64421 | Lair:2   | Lost mutation: Potions and wands are less effective at restoring your health. [helix card]
 64747 | D:15     | Lost mutation: Your magical capacity is low (-10% MP). [evolution]
 64973 | Zot:1    | Entered Level 1 of the Realm of Zot
 65015 | Zot:1    | Reached skill level 15 in Dodging
 65683 | Zot:2    | Received a gift from Trog
 65688 | Zot:2    | Got a twisted battleaxe {god gift}
 65690 | Zot:2    | Identified the +2 battleaxe "Ofyat" {chop, rPois rC+ Dex-2} (Trog gifted it to you on level 2 of the Realm of Zot)
 66747 | Zot:3    | Noticed an orb of fire
 66982 | Zot:3    | Noticed an orb of fire
 66992 | Zot:3    | Killed an orb of fire
 67048 | Zot:3    | Received a gift from Trog
 67714 | Zot:4    | Received a gift from Trog
 67885 | Zot:4    | Found a huge runed gate.
 67885 | Zot:4    | Found a huge runed gate.
 67886 | Zot:4    | Found a huge runed gate.
 67887 | Zot:4    | Found a huge runed gate.
 67892 | Zot:4    | Found a huge runed gate.
 67955 | Zot:4    | Mangled by a mottled draconian monk

Action                   |  1- 3 |  4- 6 |  7- 9 | 10-12 | 13-15 | 16-18 | 19-21 | 22-24 | 25-27 || total
-------------------------+-------+-------+-------+-------+-------+-------+-------+-------+-------++-------
Melee: Hand axe          |   159 |   200 |   522 |       |       |       |       |       |       ||   881
       Battleaxe         |       |       |     2 |   339 |   501 |   376 |   856 |  1301 |  1792 ||  5167
       Executioner's axe |       |       |       |       |   530 |   775 |   522 |    11 |   147 ||  1985
Invok: Berserk           |     3 |     4 |     4 |    11 |    19 |    14 |     8 |     2 |     8 ||    73
       Trog's Hand       |       |       |     1 |     1 |     4 |     3 |     2 |     1 |     2 ||    14
       Brothers in Arms  |       |       |       |     4 |     4 |     8 |     3 |     1 |       ||    20
       Burn Spellbooks   |       |       |       |     1 |     4 |     1 |       |     3 |    12 ||    21
 Abil: Evoke Invisibilit |       |       |       |       |       |       |       |     1 |     1 ||     2
Evoke: Wand              |       |       |       |       |     6 |     8 |    10 |     7 |     3 ||    34
       Sack of spiders   |       |       |       |       |       |       |     2 |       |    16 ||    18
       Lamp of fire      |       |       |       |       |       |       |     1 |       |       ||     1
       Deck              |       |       |       |       |       |       |       |     1 |    26 ||    27
  Use: Potion            |       |       |    17 |     5 |     7 |     8 |     5 |     9 |     2 ||    53
       Scroll            |       |       |    18 |     6 |    19 |    23 |     6 |     9 |    14 ||    95
 Stab: Sleeping          |     1 |       |       |       |       |     2 |       |       |       ||     3
       Invisible         |       |       |     1 |       |       |       |       |    14 |     2 ||    17
       Distracted        |       |       |       |       |       |     1 |       |       |       ||     1
  Eat: Chunk             |     1 |     6 |    15 |    18 |    58 |    31 |    50 |    16 |    46 ||   241
       Meat ration       |     1 |       |       |       |       |     3 |       |     2 |     4 ||    10
       Bread ration      |       |       |     1 |       |       |     1 |     5 |     8 |     4 ||    19
       Pizza             |       |       |     2 |       |       |     4 |     1 |       |     3 ||    10
       Beef jerky        |       |       |     1 |     3 |     1 |     2 |       |     2 |     3 ||    12
       Royal jelly       |       |       |       |     1 |     3 |     2 |       |       |     1 ||     7
       Fruit             |       |       |       |       |     6 |    31 |     2 |     4 |    18 ||    61
